 Dungeon Crawl Stone Soup version 0.30-a0-141-g30f27751c5 (webtiles) character file.

Game seed: 658485877767022130

6378 qw the Blocker (level 10, -3/61 HPs)
             Began as a Gargoyle Fighter on Sept 25, 2022.
             Was an Elder of Okawaru.
             Slain by an unseen horror (7 damage)
             ... on level 10 of the Dungeon.
             The game lasted 00:03:36 (10751 turns).

qw the Blocker (Gargoyle Fighter)                  Turns: 10751, Time: 00:03:37

Health: -3/61      AC: 25    Str: 24    XL:     10   Next: 97%
Magic:  14/14      EV:  4    Int:  9    God:    Okawaru [****..]
Gold:   1088       SH: 15    Dex:  9    Spells: 9/9 levels left

rFire   + + .      SeeInvis .    Y - +3 war axe
rCold   + . .      Faith    .    h - +0 tower shield
rNeg    + . .      Spirit   .    n - +0 plate armour
rPois   inf        Reflect  .    (helmet restricted)
rElec   +          Harm     .    e - +1 cloak
rCorr   .          Rampage  .    s - +1 pair of gloves
Will    .....                    f - +0 pair of boots
Stlth   ..........               (no amulet)
HPRegen 0.20/turn                k - ring of protection from cold
MPRegen 0.14/turn                b - ring of protection from fire

@: no status effects
A: sickness immunity, AC +7, negative energy resistance 1, electricity
resistance, torment resistance 1, petrification resistance, horns 1, fire
resistance 1
a: Renounce Religion, Heroism, Finesse


You were on level 10 of the Dungeon.
You worshipped Okawaru.
Okawaru was greatly pleased with you.
You visited 2 branches of the dungeon, and saw 11 of its levels.

You collected 1151 gold pieces.
You spent 63 gold pieces at shops.


Innate Abilities, Weirdness & Mutations

You are immune to sickness and miasma.
Your stone body is resilient. (AC +7)
You are immune to poison.
You resist negative energy. (rN+)
You are resistant to electric shocks. (rElec)
You are resistant to unholy torment.
You are immune to petrification.
You have a pair of small horns on your head.
Your flesh is heat resistant. (rF+)


   Skills:
 - Level 6.5 Fighting
 + Level 8.6 Axes
 - Level 2.0 Throwing
 - Level 5.1 Armour
 - Level 2.0 Dodging
 - Level 11.0 Shields
 + Level 6.3 Invocations


You had 9 spell levels left.
You didn't know any spells.
Your spell library was empty.

Inventory:

Hand Weapons
 j - a +1 hand axe of flaming
 Y - a +3 war axe (weapon)
Missiles
 p - 8 boomerangs
 q - a silver javelin (quivered)
Armour
 e - a +1 cloak (worn)
 f - a +0 pair of boots (worn)
 h - a +0 tower shield (worn)
 n - a +0 plate armour (worn)
 s - a +1 pair of gloves (worn)
 t - the +0 chain mail "Yfrun" {rElec rF+ rCorr}
   (You found it on level 9 of the Dungeon)

   rF:        It protects you from fire.
   rElec:     It insulates you from electricity.
   rCorr:     It protects you from acid and corrosion.
Jewellery
 b - a ring of protection from fire (right hand)
 k - a ring of protection from cold (left hand)
Scrolls
 a - 3 scrolls of teleportation
 i - 8 scrolls of identify
Potions
 c - 4 potions of curing
 d - 2 potions of might
 g - a potion of heal wounds
 l - a potion of cancellation
 m - a potion of mutation
 o - 3 potions of attraction
 r - 2 potions of lignification

Dungeon Overview and Level Annotations

Branches:
Dungeon (10/15)            Temple (1/1) D:6
   Lair: D:8-11         Orc: D:9-12

Altars:
Cheibriados
Dithmenos
Elyvilon
Fedhas
Gozag
Hepliaklqana
Kikubaaqudgha
Makhleb
Nemelex Xobeh
Okawaru
Qazlal
Ru
Sif Muna
Trog
Uskayaw
Vehumet
Wu Jian
Xom
Yredelemnul
Zin
The Shining One

Shops:
D:3 *   D:5 :   D:10 *

Annotations:
D:2 1 runed translucent door, Crazy Yiuf
D:9 1 runed translucent door


Message History

Something hits you but does no damage. You block something's attack.
You hit something. Something hits you but does no damage.
You swing at nothing.
You block something's attack.
You hit something. You block something's attack.
Something hits you but does no damage.
You swing at nothing.
Something hits you but does no damage. x2
You hit something but do no damage. Something hits you but does no damage.
You miss something. Your headbutt misses something.
Something hits you but does no damage.
You swing at nothing.
Something hits you.
You closely miss something. Something hits you but does no damage.
You closely miss something. Something hits you but does no damage.
You swing at nothing.
Something hits you but does no damage.
You swing at nothing.
Something hits you but does no damage.
You swing at nothing.
You block something's attack.
You closely miss something. You headbutt something!
Something hits you but does no damage.
10748 ||| Invisible monster not found???
Autopickup is now on.
You start resting.
Something hits you but does no damage.
Deactivating autopickup; reactivate with Ctrl-A.
You block something's attack.
You closely miss something. Something hits you but does no damage.
You swing at nothing.
Something hits you.
You swing at nothing.
Something hits you!
You die...

####..####..#+# #.#
#..#..#......... #.# .C
#...............# #.## #.
###..............# #..#
#...........#+#+#+#.# ##'##
#.......#...>...#.#.### #...#
...!#####.#.....#.#... #.\.#
..(.......#.#.#.#.#.######...#
...)............@........##'##
......)...#.........#.#.....#
#..###))..##......#.#.#..####
#. #..).....#.###.#.#..#
#..?.......# #.#.#..#
####.###.### #.#..... .......#
#.#...#.. .......... ......#.#
#####..##### #.#..##.#


There were no monsters in sight!

Vanquished Creatures
  A boulder beetle (D:7)
  A freezing wraith (D:9)
  A wyvern (D:8)
  7 yaks
  A steam dragon (D:8)
  Menkaure (D:5)
  An acid dragon (D:9)
  5 water moccasins
  3 orc warriors
  An ice beast (D:5)
  2 sky beasts (D:7)
  5 black bears
  3 ogres
  3 centaurs
  A phantom (D:4)
  2 kobold brigands (D:8)
  3 bullfrogs
  3 necrophages
  2 scorpions
  7 wights
  4 killer bees
  2 howler monkeys
  2 hounds
  3 orc priests (D:8)
  5 jellies
  5 orc wizards
  3 gnolls (D:4)
  8 adders
  A shadow imp (D:7)
  2 white imps (D:7)
  An ufetubus (D:7)
  2 worms
  6 dart slugs
  29 orcs
  5 endoplasms
  3 giant cockroaches
  16 goblins
  9 hobgoblins
  13 jackals
  5 quokkas
  8 ball pythons
  4 bats
  5 frilled lizards
  13 kobolds
  A rat (D:1)
208 creatures vanquished.

Vanquished Creatures (others)
  A fungus (D:2)
1 creature vanquished.

Grand Total: 209 creatures vanquished

Notes
Turn   | Place    | Note
-------+----------+-------------------------------------------
     0 | D:1      | qw the Gargoyle Fighter began the quest for the Orb.
     0 | D:1      | Reached XP level 1. HP: 14/14 MP: 1/1
     0 | D:1      | 0 ||| qw: Version: 0.2-a-10-g399e6c4
     0 | D:1      | 0 ||| qw: Game counter: 186
     0 | D:1      | 0 ||| qw: Always use a shield: true
     0 | D:1      | 0 ||| qw: God list: Okawaru
     0 | D:1      | 0 ||| qw: Allow faded altars: false
     0 | D:1      | 0 ||| qw: Do Orc after D:15 true
     0 | D:1      | 0 ||| qw: Do second Lair branch before Depths: true
     0 | D:1      | 0 ||| qw: Lair rune preference: random
     0 | D:1      | 0 ||| qw: Plans: Normal, Zot:1-4, God:TSO, Crypt, Tomb,
                  | Pan, Slime:5, Hells, Abyss, Orb
     0 | D:1      | 0 ||| PLANNING D:1-11
   193 | D:1      | 193 ||| Stepping ~*~*~tactically~*~*~ (hiding).
   199 | D:1      | 199 ||| Stepping ~*~*~tactically~*~*~ (stealth).
   204 | D:1      | Reached XP level 2. HP: 10/19 MP: 2/2
   449 | D:1      | 449 ||| Stepping ~*~*~tactically~*~*~ (stealth).
   451 | D:1      | 451 ||| Stepping ~*~*~tactically~*~*~ (stealth).
   533 | D:1      | 533 ||| Stepping ~*~*~tactically~*~*~ (stealth).
   599 | D:1      | 599 ||| Stepping ~*~*~tactically~*~*~ (stealth).
   607 | D:1      | Reached skill level 3 in Axes
   630 | D:1      | 630 ||| DROPPING +0 club.
   692 | D:1      | Reached XP level 3. HP: 23/23 MP: 3/3
   714 | D:1      | Found a faded altar of an unknown god.
   719 | D:1      | 719 ||| UPGRADING to +0 pair of boots.
   962 | D:1      | 962 ||| Stepping ~*~*~tactically~*~*~ (stealth).
   963 | D:1      | 963 ||| Stepping ~*~*~tactically~*~*~ (stealth).
   982 | D:1      | 982 ||| Stepping ~*~*~tactically~*~*~ (stealth).
  1228 | D:1      | 1228 ||| READING 2 scrolls labelled QUPRAF RUCW.
  1231 | D:1      | 1231 ||| READING scroll labelled POUHAX JEVU.
  1267 | D:2      | 1267 ||| STAIRDANCE
  1429 | D:2      | 1429 ||| Stepping ~*~*~tactically~*~*~ (stealth).
  1438 | D:2      | 1438 ||| Stepping ~*~*~tactically~*~*~ (stealth).
  1463 | D:2      | 1463 ||| Stepping ~*~*~tactically~*~*~ (stealth).
  1475 | D:2      | Reached XP level 4. HP: 24/28 MP: 4/4
  1590 | D:2      | 1590 ||| Stepping ~*~*~tactically~*~*~ (stealth).
  1592 | D:2      | 1592 ||| Stepping ~*~*~tactically~*~*~ (stealth).
  1595 | D:2      | 1595 ||| Stepping ~*~*~tactically~*~*~ (stealth).
  1619 | D:2      | 1619 ||| Stepping ~*~*~tactically~*~*~ (stealth).
  1745 | D:2      | Found a bloodstained altar of Trog.
  1878 | D:2      | HP: 4/28 [goblin/+0 hammer (5)]
  1879 | D:2      | 1879 ||| READING 2 scrolls of teleportation.
  2183 | D:2      | Found a runed translucent door.
  2184 | D:2      | Noticed Crazy Yiuf
  2214 | D:2      | 2214 ||| Stepping ~*~*~tactically~*~*~ (stealth).
  2215 | D:2      | 2215 ||| Stepping ~*~*~tactically~*~*~ (stealth).
  2398 | D:2      | 2398 ||| READING 2 scrolls labelled HANUUD LA YNI.
  2399 | D:2      | 2399 ||| READING scroll labelled TECELICOZU.
  2400 | D:2      | 2400 ||| READING scroll labelled YJO ZUMMIUPOCU.
  2401 | D:2      | 2401 ||| DROPPING scroll of poison.
  2440 | D:3      | 2440 ||| STAIRDANCE
  2522 | D:3      | 2522 ||| STAIRDANCE
  2625 | D:3      | 2625 ||| STAIRDANCE
  2988 | D:3      | Found Plog's Assorted Antiques.
  2998 | D:3      | 2998 ||| BUYING gluggy clear potion (19 gold).
  2998 | D:3      | Bought a gluggy clear potion for 19 gold pieces
  2998 | D:3      | 2998 ||| SHOPLISTING helmet (99 gold, have 63).
  2998 | D:3      | 2998 ||| BUYING scroll labelled CUJEENESUP (22 gold).
  2998 | D:3      | Bought a scroll labelled CUJEENESUP for 22 gold pieces
  2998 | D:3      | 2998 ||| BUYING scroll labelled SOIBOTOEMA (22 gold).
  2998 | D:3      | Bought a scroll labelled SOIBOTOEMA for 22 gold pieces
  2998 | D:3      | 2998 ||| SHOPLISTING scroll labelled SOIBOTOEMA (22 gold,
                  | have 19).
  3082 | D:3      | Found a sacrificial altar of Ru.
  3231 | D:3      | 3231 ||| UPGRADING to +1 pair of gloves.
  3236 | D:3      | 3236 ||| READING scroll labelled KUEGECW QUYBLU.
  3337 | D:3      | 3337 ||| READING 2 scrolls labelled CUJEENESUP.
  3338 | D:3      | 3338 ||| READING scroll of enchant weapon.
  3338 | D:3      | 3338 ||| ENCHANTING +1 war axe.
  3339 | D:3      | 3339 ||| READING scroll labelled SOIBOTOEMA.
  3340 | D:3      | 3340 ||| READING scroll labelled NOCLOX NEIQACW.
  3341 | D:3      | 3341 ||| READING scroll labelled YJUGGURCHULOX.
  3342 | D:3      | 3342 ||| DRINKING 2 sapphire potions.
  3343 | D:3      | 3343 ||| DRINKING 2 bubbling brown potions.
  3371 | D:3      | 3371 ||| DROPPING potion of magic.
  3432 | D:4      | Reached XP level 5. HP: 32/32 MP: 5/5
  3516 | D:4      | Noticed a phantom
  3526 | D:4      | Killed a phantom
  3527 | D:4      | Reached XP level 6. HP: 30/37 MP: 6/6
  3589 | D:4      | 3589 ||| DROPPING +0 whip.
  3643 | D:4      | 3643 ||| Stepping ~*~*~tactically~*~*~ (stealth).
  3651 | D:4      | 3651 ||| Stepping ~*~*~tactically~*~*~ (stealth).
  3653 | D:4      | 3653 ||| Stepping ~*~*~tactically~*~*~ (stealth).
  3665 | D:4      | 3665 ||| DROPPING +0 flail.
  3671 | D:4      | 3671 ||| Stepping ~*~*~tactically~*~*~ (stealth).
  3758 | D:4      | 3758 ||| Stepping ~*~*~tactically~*~*~ (stealth).
  3765 | D:4      | 3765 ||| FLEEEEING.
  3766 | D:4      | 3766 ||| FLEEEEING.
  3935 | D:4      | 3935 ||| Stepping ~*~*~tactically~*~*~ (hiding).
  3946 | D:4      | 3946 ||| Stepping ~*~*~tactically~*~*~ (hiding).
  3958 | D:4      | 3958 ||| FLEEEEING.
  4120 | D:4      | 4120 ||| Stepping ~*~*~tactically~*~*~ (stealth).
  4234 | D:4      | 4234 ||| UPGRADING to +0 tower shield.
  4244 | D:4      | 4244 ||| DROPPING +0 buckler.
  4245 | D:4      | 4245 ||| UPGRADING to +0 plate armour.
  4255 | D:4      | 4255 ||| DROPPING +0 scale mail.
  4256 | D:4      | 4256 ||| READING scroll labelled ORHIANGISHRI.
  4256 | D:4      | Identified a scroll of acquirement
  4256 | D:4      | 4256 ||| ACQUIRING 706 gold pieces
  4256 | D:4      | Acquired 706 gold pieces
  4258 | D:4      | 4258 ||| READING 5 scrolls of identify.
  4258 | D:4      | 4258 ||| IDENTIFYING smoky sapphire potion
  4259 | D:4      | 4259 ||| READING 4 scrolls of identify.
  4259 | D:4      | 4259 ||| IDENTIFYING black potion
  4260 | D:4      | 4260 ||| READING 3 scrolls of identify.
  4260 | D:4      | 4260 ||| IDENTIFYING sedimented brown potion
  4261 | D:4      | 4261 ||| READING 2 scrolls of identify.
  4261 | D:4      | 4261 ||| IDENTIFYING silvery potion
  4262 | D:4      | 4262 ||| DROPPING potion of degeneration.
  4263 | D:4      | 4263 ||| DROPPING potion of ambrosia.
  4264 | D:4      | 4264 ||| DROPPING potion of brilliance.
  4282 | D:5      | Entered Level 5 of the Dungeon
  4376 | D:5      | Noticed an ice beast
  4391 | D:5      | Killed an ice beast
  4392 | D:5      | Reached skill level 4 in Shields
  4628 | D:5      | Reached XP level 7. HP: 32/43 MP: 7/7
  4735 | D:5      | Reached skill level 5 in Shields
  4780 | D:5      | Noticed Menkaure
  4788 | D:5      | Killed Menkaure
  4789 | D:5      | Reached skill level 6 in Shields
  5098 | D:5      | Reached skill level 7 in Shields
  5236 | D:5      | 5236 ||| Stepping ~*~*~tactically~*~*~ (stealth).
  5237 | D:5      | 5237 ||| Stepping ~*~*~tactically~*~*~ (stealth).
  5239 | D:5      | 5239 ||| Stepping ~*~*~tactically~*~*~ (stealth).
  5298 | D:5      | 5298 ||| DROPPING +1 flail of protection.
  5316 | D:5      | Found Xevvok's Self-Improvement Boutique.
  5481 | D:5      | Found an ornate altar of the Wu Jian Council.
  5481 | D:5      | Found a bloodstained altar of Trog.
  5481 | D:5      | Found a radiant altar of Vehumet.
  5619 | D:5      | 5619 ||| UPGRADING to +1 cloak.
  5624 | D:5      | 5624 ||| DROPPING amulet of magic regeneration.
  5625 | D:5      | 5625 ||| UPGRADING to ring of protection from cold.
  5626 | D:5      | 5626 ||| DRINKING 2 gluggy clear potions.
  5626 | D:5      | Gained mutation: Your flesh is heat resistant. (rF+)
                  | [potion of mutation]
  5626 | D:5      | Gained mutation: You have a pair of small horns on your
                  | head. [potion of mutation]
  5672 | D:6      | Reached XP level 8. HP: 48/48 MP: 8/8
  5684 | D:6      | 5684 ||| READING scroll of enchant weapon.
  5684 | D:6      | 5684 ||| ENCHANTING +2 war axe.
  5723 | D:6      | Found a staircase to the Ecumenical Temple.
  5724 | D:6      | 5724 ||| PLANNING TEMPLE
  5724 | D:6      | 5724 ||| FLEEEEING.
  5745 | Temple   | Entered the Ecumenical Temple
  5758 | Temple   | 5758 ||| PLANNING OKAWARU WORSHIP
  5922 | Temple   | Became a worshipper of Warmaster Okawaru
  5923 | Temple   | 5923 ||| PLANNING D:1-11
  6012 | D:6      | Reached skill level 8 in Shields
  6315 | D:6      | Reached skill level 9 in Shields
  6510 | D:6      | 6510 ||| Stepping ~*~*~tactically~*~*~ (stealth).
  6511 | D:6      | 6511 ||| Stepping ~*~*~tactically~*~*~ (stealth).
  6605 | D:6      | Found a hazy altar of Hepliaklqana.
  6607 | D:6      | Found an opulent altar of Gozag.
  6974 | D:6      | 6974 ||| READING scroll labelled RECSEVA CAG.
  6975 | D:6      | 6975 ||| READING 2 scrolls of identify.
  6975 | D:6      | 6975 ||| IDENTIFYING purple potion
  6976 | D:6      | 6976 ||| DROPPING potion of flight.
  7110 | D:7      | Reached * piety under Okawaru
  7111 | D:7      | Reached skill level 6 in Axes
  7140 | D:7      | Reached skill level 1 in Invocations
  7311 | D:7      | Reached XP level 9. HP: 50/52 MP: 10/10
  7318 | D:7      | 7318 ||| INVOKING Heroism.
  7323 | D:7      | Reached skill level 3 in Invocations
  7601 | D:7      | 7601 ||| Stepping ~*~*~tactically~*~*~ (stealth).
  7676 | D:7      | 7676 ||| INVOKING Heroism.
  7689 | D:7      | Reached skill level 10 in Shields
  7689 | D:7      | 7689 ||| Stepping ~*~*~tactically~*~*~ (stealth).
  7695 | D:7      | Reached ** piety under Okawaru
  7700 | D:7      | 7700 ||| INVOKING Heroism.
  7703 | D:7      | Noticed a boulder beetle
  7718 | D:7      | 7718 ||| INVOKING Heroism.
  7731 | D:7      | HP: 10/52 [boulder beetle (22)]
  7732 | D:7      | 7732 ||| READING 3 scrolls of teleportation.
  7733 | D:7      | 7733 ||| DRINKING potion of heal wounds.
  7734 | D:7      | Killed a boulder beetle
  7735 | D:7      | Reached skill level 6 in Fighting
  7915 | D:7      | 7915 ||| Stepping ~*~*~tactically~*~*~ (stealth).
  7920 | D:7      | Reached skill level 1 in Throwing
  8014 | D:7      | Reached XP level 10. HP: 55/61 MP: 13/13
  8112 | D:7      | 8112 ||| DRINKING 2 fizzy green potions.
  8113 | D:7      | 8113 ||| DRINKING 3 emerald potions.
  8114 | D:7      | 8114 ||| READING 5 scrolls of identify.
  8114 | D:7      | 8114 ||| IDENTIFYING bubbling cyan potion
  8165 | D:8      | 8165 ||| INVOKING Heroism.
  8168 | D:8      | 8168 ||| Stepping ~*~*~tactically~*~*~ (stealth).
  8269 | D:8      | 8269 ||| Stepping ~*~*~tactically~*~*~ (stealth).
  8271 | D:8      | 8271 ||| INVOKING Heroism.
  8273 | D:8      | Reached *** piety under Okawaru
  8293 | D:8      | 8293 ||| INVOKING Heroism.
  8322 | D:8      | Found a shimmering altar of Xom.
  8512 | D:8      | 8512 ||| Stepping ~*~*~tactically~*~*~ (hiding).
  8513 | D:8      | 8513 ||| Stepping ~*~*~tactically~*~*~ (hiding).
  8521 | D:8      | 8521 ||| Stepping ~*~*~tactically~*~*~ (stealth).
  8522 | D:8      | 8522 ||| Stepping ~*~*~tactically~*~*~ (stealth).
  8686 | D:8      | 8686 ||| Stepping ~*~*~tactically~*~*~ (hiding).
  8691 | D:8      | 8691 ||| INVOKING Heroism.
  9292 | D:8      | 9292 ||| UPGRADING to ring of protection from fire.
  9423 | D:9      | 9423 ||| Stepping ~*~*~tactically~*~*~ (hiding).
  9427 | D:9      | 9427 ||| Stepping ~*~*~tactically~*~*~ (hiding).
  9448 | D:9      | 9448 ||| Stepping ~*~*~tactically~*~*~ (stealth).
  9499 | D:9      | Found a runed translucent door.
  9503 | D:9      | Noticed a skeletal warrior
  9503 | D:9      | Noticed a two-headed ogre
  9503 | D:9      | Noticed a six-headed hydra
  9540 | D:9      | Reached **** piety under Okawaru
  9649 | D:9      | 9649 ||| INVOKING Heroism.
  9664 | D:9      | Reached skill level 11 in Shields
  9763 | D:9      | 9763 ||| INVOKING Heroism.
  9975 | D:9      | Found a basalt altar of Yredelemnul.
  9996 | D:9      | 9996 ||| INVOKING Heroism.
 10106 | D:9      | 10106 ||| INVOKING Heroism.
 10108 | D:9      | 10108 ||| Stepping ~*~*~tactically~*~*~ (water).
 10184 | D:9      | 10184 ||| INVOKING Heroism.
 10187 | D:9      | Reached skill level 6 in Invocations
 10325 | D:9      | Found a glowing silver altar of Zin.
 10338 | D:9      | Identified the +0 chain mail "Yfrun" {rElec rF+ rCorr}
 10479 | D:10     | Entered Level 10 of the Dungeon
 10493 | D:10     | Found Namut's Serpentskin Sales.
 10505 | D:10     | 10505 ||| INVOKING Heroism.
 10625 | D:10     | 10625 ||| Stepping ~*~*~tactically~*~*~ (stealth).
 10629 | D:10     | 10629 ||| INVOKING Heroism.
 10639 | D:10     | Noticed a cyclops
 10640 | D:10     | 10640 ||| Stepping ~*~*~tactically~*~*~ (stealth).
 10650 | D:10     | 10650 ||| FLEEEEING.
 10733 | D:10     | HP: 15/61 [something (2)]
 10741 | D:10     | HP: 7/61 [something (5)]
 10748 | D:10     | 10748 ||| Invisible monster not found???
 10750 | D:10     | HP: 4/61 [something (6)]
 10751 | D:10     | Slain by an unseen horror

Levels and vault maps discovered:
D:1:      eino_arrival_tree_alley, layout_basic,
          shapermc_ecumenical_altar_notcrosses
D:2:      layout_loops_ring, basic_altar, uniq_crazy_yiuf_cottage
D:3:      layout_basic, nicolae_ru_path_of_blood, serial_shops, shop_statue,
          chequers_serial_rivers_micro_e
D:4:      layout_basic
D:5:      layout_gridville, gammafunk_temple_overflow_claw, amethyst_killhole,
          nicolae_shop_self_help, uniq_menkaure
D:6:      layout_basic, gammafunk_temple_overflow_statue,
          minmay_temple_entry_overgrown
D:7:      nzn_winding_woodlands_medium [nzn_winding_woodlands_5x5_default,
          nzn_winding_woodlands_5x15_crooked,
          nzn_winding_woodlands_5x5_checkerboard,
          nzn_winding_woodlands_5x5_three,
          nzn_winding_woodlands_center_diamonds,
          nzn_winding_woodlands_5x5_default, nzn_winding_woodlands_hourglass,
          nzn_winding_woodlands_5x15_sawtooth,
          nzn_winding_woodlands_5x5_open_star], layout_loops_ring
D:8:      layout_basic, minivault_23, minmay_ruined_shrine
D:9:      layout_irregular_city, yredelemnul_altar_generic, kennysheep_mini,
          enter_bailey_4, minmay_st_funbox
D:10:     hangedman_cross_cluster, layout_basic, mainiacjoe_overflow_alcove_4,
          guppyfry_shop_venom, uniq_sonja
Temple:   nicolae_temple_bog_church

Skill      XL: |  1  2  3  4  5  6  7  8  9 10 |
---------------+-------------------------------+-----
Axes           | 2 3 4 5 6 7 8 |  8.6
Fighting       | 4 6 |  6.5
Shields        | 4 7 9 10 11 | 11.0
Invocations    | 2 4 6 |  6.3
Armour         | 4 5 |  5.1
Dodging        | 2 |  2.0
Throwing       | 1 2 |  2.0

Action                   |  1- 3 |  4- 6 |  7- 9 | 10-12 || total
-------------------------+-------+-------+-------+-------++-------
Melee: War axe           |   109 |   185 |   202 |   186 ||   682
       Headbutt          |       |       |    22 |    34 ||    56
Throw: Boomerang         |       |       |    15 |    20 ||    35
       Javelin           |       |       |       |     8 ||     8
Invok: Heroism           |       |       |     4 |    11 ||    15
  Use: Scroll            |     2 |    15 |     4 |     1 ||    22
       Potion            |       |     2 |     2 |     2 ||     6
Armor: Scale mail        |    64 |    75 |       |       ||   139
       Plate armour      |       |     8 |   114 |   196 ||   318
Dodge: Dodged            |    69 |    78 |    33 |    27 ||   207
Block: Buckler           |    24 |    28 |       |       ||    52
       Tower shield      |       |     9 |   142 |   190 ||   341

Table legend:
 A = Non-vault XP
 B = Vault XP
 C = Vault XP percentage of total XP
 D = Non-vault monster count
 E = Vault monster count
 F = Vault count percentage of total count
                 A         B        C        D         E       F
            +---------+---------+-------+---------+---------+-------
      Total |    5680 |    3432 |  37.7 |     174 |      34 |  16.3
            +---------+---------+-------+---------+---------+-------
        D:1 |      67 |       0 |   0.0 |      37 |       0 |   0.0
        D:2 |      54 |       0 |   0.0 |      21 |       0 |   0.0
        D:3 |      28 |       0 |   0.0 |       9 |       0 |   0.0
        D:4 |     297 |       0 |   0.0 |      27 |       0 |   0.0
        D:5 |     546 |     172 |  24.0 |      15 |       1 |   6.2
        D:6 |     746 |       0 |   0.0 |      11 |       0 |   0.0
        D:7 |     688 |    2076 |  75.1 |       8 |      16 |  66.7
        D:8 |     548 |     886 |  61.8 |      14 |      10 |  41.7
        D:9 |    2658 |      11 |   0.4 |      27 |       5 |  15.6
       D:10 |      48 |     287 |  85.7 |       5 |       2 |  28.6
            +---------+---------+-------+---------+---------+-------
